 Dungeon Sprint DCSS version 0.22.1-1-ga44c0e56f4 (webtiles) character file.

9622 MuseOD the Unseen (level 11, -22/64 HPs)
             Began as a Spriggan Enchanter on Sept 30, 2018.
             Was the Champion of Dithmenos.
             Annihilated by a tyrant leech (32 damage)
             ... in the Dungeon (Sprint III: "The Ten Rune Challenge").
             The game lasted 00:05:02 (2410 turns).

MuseOD the Unseen (Spriggan Enchanter)              Turns: 2410, Time: 00:05:02

Health: -22/64     AC:  2    Str:  4    XL:     11   Next: 25%
Magic:  9/29       EV: 18    Int: 21    God:    Dithmenos [******]
Gold:   21         SH:  0    Dex: 16    Spells: 22/37 levels left

rFire    . . .     SeeInvis +   a - +1 dagger
rCold    . . .     Gourm    .   (shield restricted)
rNeg     . . .     Faith    .   b - +0 robe
rPois    .         Spirit   .   (helmet restricted)
rElec    .         Reflect  .   (no cloak)
rCorr    .         Harm     .   (gloves unavailable)
MR       +....     NoTele   +   (boots unavailable)
Stlth    ++++++++++             (no amulet)
HPRegen  0.20/turn              (no ring)
MPRegen  0.21/turn              (no ring)

@: wreathed by umbra, very quick
A: very small, unfitting armour, see invisible, herbivore, speed 3, slow
metabolism 2
a: Shadow Step, Shadow Form, Renounce Religion


You were in the Dungeon.
You worshipped Dithmenos.
Dithmenos was exalted by your worship.
You were not hungry.

You visited 1 branch You collected 21 gold pieces.

Inventory:

Hand Weapons
 a - a +1 dagger (weapon)
Armour
 b - a +0 robe (worn)
Scrolls
 j - a scroll of blinking
 k - a scroll of torment {unknown}
 l - 4 scrolls of identify
 m - 3 scrolls of remove curse
 o - a scroll of holy word {unknown}
Potions
 c - 4 potions of mutation {unknown}
 e - a potion of curing
 f - a potion of heal wounds
 g - a potion of haste
 h - 2 potions of magic
 i - 2 potions of berserk rage
 n - 2 potions of flight {unknown}
 p - a potion of might
Comestibles
 d - 5 rations


   Skills:
 + Level 10.8 Fighting
 * Level 18.3 Short Blades
 - Level 3.0 Dodging
 + Level 18.7 Stealth
 + Level 13.8 Spellcasting
 - Level 3.6 Hexes


You had 22 spell levels left.
You knew the following spells:

 Your Spells              Type           Power        Failure   Level  Hunger
a - Corona                Hex            ####...      1%          1    None
b - Ensorcelled Hibernat  Hex/Ice        ###...       3%          2    None
c - Confuse               Hex            ####....     3%          3    None
d - Dazzling Spray        Conj/Hex       ###...       6%          3    None
e - Tukima's Dance        Hex            ####....     3%          3    None
f - Mephitic Cloud        Conj/Pois/Air  ##......     13%         3    None

Your spell library contained the following spells:

 Spells                   Type           Power        Failure   Level  Hunger
 Slow                     Hex            ####....     1%          2    None
 Magic Dart               Conj           ##..         4%          1    None
 Blink                    Tloc           N/A          7%          2    None
 Call Imp                 Summ           ##......     7%          2    None
 Conjure Flame            Conj/Fire      ##......     13%         3    None


Dungeon Overview and Level Annotations

Branches:
Dungeon (1/1)

Altars:
Dithmenos
Elyvilon
Kikubaaqudgha
Okawaru
Ru
Sif Muna
Trog
Uskayaw
Vehumet
Wu Jian
Yredelemnul
Zin
The Shining One
Beogh


Innate Abilities, Weirdness & Mutations

You are very small and have problems with some larger weapons.
You are too small for most types of armour.
You have supernaturally acute eyesight. (SInv)
You are a herbivore.
You cover ground extremely quickly.
You need to consume almost no food.


Message History

The tyrant leech draws strength from your injuries!
Casting: Ensorcelled Hibernation (safe; 3% risk of failure)
Confirm with . or Enter, or press ? or * to list all spells.
Aiming: Confuse (safe; 3% risk of failure)
Press: ? - help, Shift-Dir - straight line, f/p - tyrant leech
Aim: a tyrant leech (umbra, chance to defeat MR: 40%)
The tyrant leech resists with some effort.
The tyrant leech bites you!!
* * * LOW HITPOINT WARNING * * *
The tyrant leech draws strength from your injuries!
Casting: Confuse (safe; 3% risk of failure)
Confirm with . or Enter, or press ? or * to list all spells.
Aiming: Confuse (safe; 3% risk of failure)
Press: ? - help, Shift-Dir - straight line, f/p - tyrant leech
Aim: a tyrant leech (umbra, chance to defeat MR: 40%)
The tyrant leech resists with some effort.
Your shadow mimicks your spell!
The tyrant leech easily resists.
The tyrant leech bites you!!
Ouch! That really hurt!
You die...

.≈≈≈≈≈≈....#)⌠.#
#...#+#########
.≈≈≈≈≈.....#)..#
#...#....#)#)#)
.≈≈≈.......#'###
#...##.#.)#.##.
...........#.[:#
#...'##.#.#.##)
...........#___#
+...#...#..#..#
▓▓▓▓▓▓▓▓▓▓▓▓▓▓▓▓
▓▓▓▓▓▓▓▓▓▓▓▓▓▓▓
♣♣≈≈≈........≈≈≈
+♣♣'♣≈≈≈≈≈≈≈≈≈≈≈≈♣
#@÷♣♣♣♣♣♣♣♣♣♣♣♣♣♣♣
#.w♣♣ ###'♣ ♣♣♣♣.#
♣§w§## ♣♣§## ♣. ♣♣


You could see a tyrant leech.

Vanquished Creatures
  Frances (D)
  Donald (D)
  Erolcha (D)
  2 yaktaur captains (D)
  A deep elf mage (D)
  2 spiny frogs (D)
  A komodo dragon (D)
  A yaktaur (D)
  3 wandering mushrooms (D)
  A tyrant leech (D)
  An orc high priest (D)
  A shadow (D)
  3 redbacks (D)
  A necrophage (D)
  5 two-headed ogres (D)
  A water elemental (D)
  A scorpion (D)
  A jelly (D)
  Jessica (D)
  A wizard (D)
  A necromancer (D)
  3 humans (D)
  A kobold demonologist (D)
  An ooze (D)
  2 rats (D)
38 creatures vanquished.

Vanquished Creatures (others)
  2 draconian scorchers (D)
  6 hellions (D)
  A yaktaur (D)
  2 orc high priests (D)
  An orc priest (D)
  4 plants (D)
16 creatures vanquished.

Grand Total: 54 creatures vanquished

Notes
Turn   | Place    | Note
-------+----------+-------------------------------------------
     0 | D        | MuseOD the Spriggan Enchanter began the quest for the Orb.
     0 | D        | Reached XP level 1. HP: 9/9 MP: 5/5
    45 | D        | Killed a yaktaur
    68 | D        | Killed a hellion
   116 | D        | Killed a hellion
   116 | D        | Killed a hellion
   116 | D        | Killed a hellion
   116 | D        | Killed a hellion
   186 | D        | Killed a white draconian scorcher
   242 | D        | Killed a hellion
   243 | D        | Reached skill level 1 in Fighting
   243 | D        | Reached skill level 5 in Stealth
   278 | D        | Noticed Jessica
   281 | D        | Killed Jessica
   281 | D        | Reached XP level 2. HP: 15/15 MP: 6/6
   281 | D        | Reached XP level 3. HP: 18/18 MP: 8/8
   296 | D        | Learned a level 2 spell: Ensorcelled Hibernation
   299 | D        | Killed a white draconian scorcher
   300 | D        | Learned a level 3 spell: Confuse
   317 | D        | Reached skill level 5 in Short Blades
   325 | D        | Noticed a scorpion
   334 | D        | Killed a scorpion
   334 | D        | Reached XP level 4. HP: 18/24 MP: 2/9
   425 | D        | Noticed a water elemental
   427 | D        | Killed a water elemental
   427 | D        | Reached XP level 5. HP: 29/29 MP: 10/10
   432 | D        | Learned a level 3 spell: Dazzling Spray
   439 | D        | Found a basalt altar of Yredelemnul.
   439 | D        | Found a shadowy altar of Dithmenos.
   439 | D        | Found a sacrificial altar of Ru.
   439 | D        | Noticed a necrophage
   441 | D        | Killed a necrophage
   441 | D        | Reached skill level 10 in Stealth
   442 | D        | Reached XP level 6. HP: 35/35 MP: 10/13
   446 | D        | Became a worshipper of Dithmenos the Shadowed
   472 | D        | Found a glowing silver altar of Zin.
   472 | D        | Found a glowing golden altar of the Shining One.
   472 | D        | Found a white marble altar of Elyvilon.
   472 | D        | Noticed a deep elf mage
   475 | D        | Killed a deep elf mage
   475 | D        | Reached XP level 7. HP: 40/40 MP: 13/18
   508 | D        | Found a hide-covered altar of Uskayaw.
   508 | D        | Found a roughly hewn altar of Beogh.
   508 | D        | Found an iron altar of Okawaru.
   508 | D        | Found a bloodstained altar of Trog.
   508 | D        | Found an ornate altar of the Wu Jian Council.
   508 | D        | Noticed a human
   508 | D        | Noticed a human
   511 | D        | Killed a human
   512 | D        | Killed a human
   512 | D        | Reached * piety under Dithmenos
   524 | D        | Found a radiant altar of Vehumet.
   524 | D        | Found a deep blue altar of Sif Muna.
   524 | D        | Found an ancient bone altar of Kikubaaqudgha.
   586 | D        | Noticed a rust devil
   706 | D        | Noticed an ice devil
   712 | D        | Noticed a chaos spawn
   841 | D        | Reached XP level 8. HP: 45/45 MP: 14/21
   886 | D        | Learned a level 3 spell: Tukima's Dance
   890 | D        | Learned a level 3 spell: Mephitic Cloud
   905 | D        | Reached ** piety under Dithmenos
   927 | D        | Reached *** piety under Dithmenos
   930 | D        | Noticed a two-headed ogre
   933 | D        | Killed a two-headed ogre
   941 | D        | Noticed Erolcha
   942 | D        | Noticed a two-headed ogre
   951 | D        | Killed Erolcha
   951 | D        | Reached skill level 10 in Spellcasting
   951 | D        | Reached XP level 9. HP: 51/51 MP: 19/24
   968 | D        | Killed a two-headed ogre
   968 | D        | Reached skill level 15 in Stealth
  1024 | D        | Reached **** piety under Dithmenos
  1028 | D        | Reached skill level 15 in Short Blades
  1055 | D        | Noticed Frances
  1056 | D        | Noticed Donald
  1059 | D        | Killed Donald
  1059 | D        | Reached XP level 10. HP: 58/58 MP: 24/26
  1060 | D        | Killed Frances
  1082 | D        | Noticed a yaktaur captain
  1083 | D        | Noticed a yaktaur captain
  1084 | D        | Killed a yaktaur captain
  1084 | D        | Reached ***** piety under Dithmenos
  1084 | D        | Reached skill level 10 in Fighting
  1735 | D        | Killed a yaktaur captain
  1738 | D        | Reached XP level 11. HP: 64/64 MP: 16/29
  2384 | D        | Reached ****** piety under Dithmenos
  2410 | D        | Annihilated by a tyrant leech

Skill      XL: |  1  2  3  4  5  6  7  8  9 10 11 |
---------------+----------------------------------+-----
Fighting       | 2 3 4 6 8 9 10 | 10.8
Short Blades   | 4 6 8 9 11 12 14 15 17 18 | 18.3
Stealth        | 6 8 9 10 12 13 14 16 18 | 18.7
Spellcasting   | 4 7 8 10 11 13 | 13.8
Dodging        | |  3.0
Hexes          | |  3.6

Action                   |  1- 3 |  4- 6 |  7- 9 | 10-12 || total
-------------------------+-------+-------+-------+-------++-------
Melee: Dagger            |    18 |     4 |    33 |     9 ||    64
 Cast: Ensorcelled Hiber |     2 |       |     3 |    15 ||    20
       Confuse           |       |       |    11 |    18 ||    29
       Dazzling Spray    |       |       |     2 |       ||     2
 Stab: Sleeping          |     4 |     4 |    11 |     6 ||    25
       Confused          |       |       |     2 |     1 ||     3
       Invisible         |       |       |     2 |       ||     2
Armor: Robe              |     1 |       |       |       ||     1
Dodge: Dodged            |    14 |       |    18 |    12 ||    44
